 Dungeon Crawl Stone Soup version bcrawl-1.37.2 (webtiles) character file.

Game seed: 14206553323188028237

95279 Leeroy the Slasher (level 2, -1/22 HPs)
             Began as a Vampire Skald on Jan 31, 2023.
             Slain by a worm (2 damage)
             ... on level 2 of the Dungeon.
             The game lasted 00:01:04 (1113 turns).

Leeroy the Slasher (Vampire Skald)                  Turns: 1113, Time: 00:01:05

Health: -1/22      AC:  3    Str: 14    XL:     2   Next: 82%
Magic:  5/5        EV: 12    Int: 13    God:
Gold:   95         SH:  1    Dex: 12    Spells: 4/5 levels left

rFire    . . .     GDR:     25% a - +0 long sword
rCold    + . .     SeeInvis +   (no shield)
rNeg     + + .     Gourm    .   b - +0 leather armour
rPois    ∞         Faith    .   (no helmet)
rElec    .         Spirit   .   (no cloak)
rCorr    .         Reflect  .   (no gloves)
MR       .....                  (no boots)
Stlth    +++.......             d - amulet of magic regeneration
HPRegen  0.06/turn              (no ring)
MPRegen  0.15/turn              (no ring)

@: regenerating slowly
A: claws 1, fangs 3, see invisible, unbreathing
a: no special abilities


You were on level 2 of the Dungeon.
You were thirsty.

You visited 1 branch of the dungeon, and saw 2 of its levels.

You collected 95 gold pieces.

Inventory:

Hand Weapons
 a - a +0 long sword (weapon)
 k - a +3 dagger
Missiles
 h - 88 poisoned tomahawks (quivered)
Armour
 b - a +0 leather armour (worn)
Jewellery
 d - an amulet of magic regeneration (around neck)
Scrolls
 c - 3 scrolls of amnesia
 e - a scroll of fear
 g - a scroll of fog
 i - a scroll of identify
 m - a scroll of enchant armour
 o - 3 scrolls of teleportation
 p - a scroll of blinking {unknown}
Potions
 f - a potion of mutation {unknown}
 j - a potion of heal wounds {unknown}
 l - a potion of brilliance {unknown}
 n - 2 potions of ambrosia {unknown}
 q - 6 potions of blood
 r - a potion of curing {unknown}


   Skills:
 - Level 1.7 Fighting
 + Level 4.2 Long Blades
 - Level 0.8 Armour
 - Level 2.1 Dodging
 - Level 2.0 Spellcasting
 - Level 3.2 Charms


You had 4 spell levels left.
You knew the following spells:

 Your Spells              Type           Power        Failure   Level  Hunger
a - Infusion              Chrm           #.......     9%          1    None

Your spell library contained the following spells:

 Spells                   Type           Power        Failure   Level  Hunger
 Song of Slaying          Chrm           #.......     12%         2    ##.....
 Swiftness                Chrm/Air       #.......     24%         2    ##.....
 Ozocubu's Armour         Chrm/Ice       #.......     43%         3    ####...
 Regeneration             Chrm/Necr      #.........   43%         3    ####...
 Spectral Weapon          Hex/Chrm       #.......     43%         3    ####...


Dungeon Overview and Level Annotations

Branches:
Dungeon (2/12)

Altars:


Innate Abilities, Weirdness & Mutations

You heal slowly.
You are immune to poison.
You have sharp fingernails.
You have razor-sharp teeth.
You have supernaturally acute eyesight. (SInv)
You can survive without breathing.


Message History

The worm is moderately wounded.
The worm bites you.
You hit the worm.
The worm is severely wounded.
The worm bites you!
You are too injured to fight recklessly!
A worm is nearby!
A worm is nearby!
You are too injured to fight recklessly!
You hit the worm.
The worm is severely wounded.
You hit the worm.
The worm is severely wounded.
The worm bites you.
* * * LOW HITPOINT WARNING * * *
No path to travel!
You barely miss the worm.
The worm is severely wounded.
The worm bites you.
You die...

+.. #.. ### #..
..# #.# #.# #.#
#.##############..
#.##...........'%.
#w##.###########..
#@##.# #.. #.##.#
#.. #.##.# #..
#....# #..
################..
#..............'..
#.##############..
#.# ### #.#


You could see a worm.

Vanquished Creatures
  A dart slug (D:1)
  2 leopard geckos
  A ball python (D:2)
  A giant cockroach (D:2)
  4 goblins
  2 hobgoblins (D:1)
  A kobold (D:1)
  4 frilled lizards
  4 rats
20 creatures vanquished.

Notes
Turn   | Place    | Note
-------+----------+-------------------------------------------
     0 | D:1      | Leeroy the Vampire Skald began the quest for the Orb.
     0 | D:1      | Reached XP level 1. HP: 16/16 MP: 3/3
   396 | D:1      | Reached skill level 3 in Long Blades
   402 | D:1      | Reached XP level 2. HP: 15/22 MP: 5/5
   955 | D:2      | Reached skill level 4 in Long Blades
  1112 | D:2      | HP: 1/22 [worm (6)]
  1113 | D:2      | Slain by a worm

Skill      XL: |  1  2 |
---------------+-------+-----
Long Blades    | 3 4 |  4.2
Fighting       | |  1.7
Armour         | |  0.8
Dodging        | |  2.1
Spellcasting   | |  2.0
Charms         | |  3.2

Action                   || total
-------------------------++-------
Melee: Long sword        ||    60
       Bite              ||     3
  Use: Scroll            ||     4
 Stab: Sleeping          ||     6
  Eat: Corpse            ||     1
Armor: Leather armour    ||    13
Dodge: Dodged            ||    45
